 Dungeon Crawl Stone Soup version 0.29.0-4-gdea44cf6ec (webtiles) character file.

Game seed: 15999167427721955808

497 qw the Chopper (level 7, -1/41 HPs)
             Began as a Tengu Warper on Aug 28, 2022.
             Was an Initiate of Okawaru.
             Slain by an orc warrior
             ... wielding a +0 short sword
              (12 damage)
             ... on level 4 of the Dungeon.
             The game lasted 00:00:39 (5149 turns).

qw the Chopper (Tengu Warper)                       Turns: 5149, Time: 00:00:40

Health: -1/41      AC:  9    Str: 19    XL:     7   Next: 15%
Magic:  11/11      EV:  9    Int: 13    God:    Okawaru [......]
Gold:   189        SH:  0    Dex: 14    Spells: 10/10 levels left

rFire   + . .      SeeInvis .   Y - +1 hand axe
rCold   . . .      Faith    .   (no shield)
rNeg    . . .      Spirit   .   g - +0 chain mail
rPois   .          Reflect  .   (helmet restricted)
rElec   .          Harm     .   (no cloak)
rCorr   .          Rampage  .   (no gloves)
Will    .....                   (boots unavailable)
Stlth   ..........              (no amulet)
HPRegen 0.13/turn               f - +6 ring of strength
MPRegen 0.12/turn               l - ring of protection from fire

@: flying quickly and evasively, quick
A: beak, talons 3, nimble flight
a: Renounce Religion


You were on level 4 of the Dungeon.
You worshipped Okawaru.
Okawaru was noncommittal.
You visited 2 branches of the dungeon, and saw 5 of its levels.
You also visited: Sewer.

You collected 189 gold pieces.


Innate Abilities, Weirdness & Mutations

You have a beak for a mouth.
You have claws for feet.
Your magical nature lets you fly swiftly and evasively.


   Skills:
 - Level 3.0 Fighting
 + Level 7.2 Axes
 - Level 1.0 Throwing
 - Level 3.1 Armour
 - Level 2.1 Dodging
 - Level 2.0 Spellcasting
 - Level 2.4 Translocations


You had 10 spell levels left.
You didn't know any spells.
Your spell library contained the following spells:

 Spells                   Type           Power      Damage    Failure   Level
 Blink                    Tloc           14%        N/A       86%         2
 Gell's Gravitas          Tloc           7%         N/A       98%         3
 Lesser Beckoning         Tloc           7%         N/A       98%         3
 Teleport Other           Tloc           7%         N/A       98%         3
 Manifold Assault         Tloc           7%         N/A       100%        5

Inventory:

Hand Weapons
 m - a +0 morningstar
 Y - a +1 hand axe (weapon)
Armour
 g - a +0 chain mail (worn)
Jewellery
 f - a +6 ring of strength (left hand)
 l - a ring of protection from fire (right hand)
Scrolls
 e - a scroll of identify
Potions
 b - 2 potions of might
 j - a potion of heal wounds
 k - a potion of berserk rage {unknown}
 n - a potion of curing

Dungeon Overview and Level Annotations

Branches:
Dungeon (4/15)             Temple (1/1) D:4           Sewer (visited)

Altars:
Cheibriados
Dithmenos
Elyvilon
Fedhas
Hepliaklqana
Kikubaaqudgha
Makhleb
Okawaru
Qazlal
Sif Muna
Trog
Uskayaw
Vehumet
Wu Jian
Zin


Message History

The orc priest hits you with a +0 dagger.
You closely miss the orc priest.
You peck the orc priest, but do no damage.
The orc priest is almost dead.
You hit the orc warrior.
The orc warrior hits you but does no damage.
The orc priest hits you but does no damage.
You hit the orc priest.
You kill the orc priest!
Okawaru accepts your kill.
You hit the orc warrior but do no damage.
The orc warrior hits you with a +0 short sword.
You hit the orc warrior.
You claw the orc warrior, but do no damage.
The orc warrior is moderately wounded.
The orc warrior hits you with a +0 short sword.
You closely miss the orc warrior. You claw the orc warrior!
You peck the orc warrior.
The orc warrior is heavily wounded.
You hit the orc. The orc barely misses you.
The orc warrior hits you with a +0 short sword!
You hit the orc warrior but do no damage.
The orc warrior is heavily wounded.
You slash the orc!
You kill the orc!
Okawaru accepts your kill.
The orc warrior hits you with a +0 short sword.
You hit the orc warrior but do no damage.
You claw the orc warrior.
The orc warrior is severely wounded.
You hit something. Something hits you but does no damage.
The orc warrior hits you with a +0 short sword!
You closely miss the orc warrior. Your peck misses the orc warrior.
The orc warrior is severely wounded.
You miss something. Something hits you.
The orc warrior hits you with a +0 short sword!
You die...

#.#.# #.# #.#
# #
#.###.######.#
##
#............#
.##
#########.####
..#####.# #.#
........# #.#
#.##.#### #.#
#.# #
########.###
#.#
.......@o..#
#.#
########)#.#
..# #..#.# #.#
...## # #.#
....# #.#
#(o.# #.#
.o.#o ..###
#8#. .......#
#..{


You could see an orc warrior.

Vanquished Creatures
  An ogre (D:4)
  2 bullfrogs (Sewer)
  An orc priest (D:4)
  A hound (D:4)
  4 adders
  5 gnolls
  6 dart slugs
  3 orcs (D:4)
  12 ball pythons
  4 bats
  19 endoplasms
  16 giant cockroaches
  5 hobgoblins
  2 jackals (D:2)
  12 quokkas
  20 frilled lizards
  7 goblins
  4 kobolds
  6 rats
130 creatures vanquished.

Notes
Turn   | Place    | Note
-------+----------+-------------------------------------------
     0 | D:1      | qw the Tengu Warper began the quest for the Orb.
     0 | D:1      | Reached XP level 1. HP: 12/12 MP: 4/4
     0 | D:1      | 0 ||| qw: Version: 0.1-a-89-g26bdef1
     0 | D:1      | 0 ||| qw: Game counter: 2751
     0 | D:1      | 0 ||| qw: Always use a shield: true
     0 | D:1      | 0 ||| qw: God list: Okawaru
     0 | D:1      | 0 ||| qw: Allow faded altars: false
     0 | D:1      | 0 ||| qw: Do Orc after D:15 true
     0 | D:1      | 0 ||| qw: Do second Lair branch before Depths: true
     0 | D:1      | 0 ||| qw: Lair rune preference: random
     0 | D:1      | 0 ||| qw: Plans: Normal
     0 | D:1      | 0 ||| PLANNING D:1-11
   133 | D:1      | 133 ||| Stepping ~*~*~tactically~*~*~ (hiding).
   144 | D:1      | Reached XP level 2. HP: 17/17 MP: 6/6
   155 | D:1      | Reached skill level 3 in Axes
   369 | D:1      | 369 ||| Stepping ~*~*~tactically~*~*~ (stealth).
   370 | D:1      | 370 ||| Stepping ~*~*~tactically~*~*~ (stealth).
   634 | D:1      | Reached XP level 3. HP: 21/21 MP: 7/7
   715 | D:1      | 715 ||| Stepping ~*~*~tactically~*~*~ (hiding).
  1077 | D:1      | HP: 4/21 [quokka (3)]
  1080 | D:1      | Reached skill level 4 in Axes
  1362 | D:1      | You fall into a shaft and drop 1 floor!
  1374 | D:2      | 1374 ||| Stepping ~*~*~tactically~*~*~ (hiding).
  1476 | D:2      | 1476 ||| Stepping ~*~*~tactically~*~*~ (hiding).
  1779 | D:2      | 1779 ||| UPGRADING to +0 scale mail.
  1789 | D:2      | 1789 ||| DROPPING +0 leather armour.
  1790 | D:2      | 1790 ||| UPGRADING to +6 ring of strength.
  1791 | D:2      | 1791 ||| UPGRADING to ring of protection from fire.
  1792 | D:2      | 1792 ||| READING scroll labelled JOW KOIRPHUSME.
  1793 | D:2      | 1793 ||| READING 2 scrolls labelled FIECOY APISAA.
  1794 | D:2      | 1794 ||| DRINKING 3 white potions.
  1795 | D:2      | 1795 ||| DROPPING scroll of blinking.
  1796 | D:2      | 1796 ||| DROPPING 2 potions of degeneration.
  2140 | D:2      | 2140 ||| Stepping ~*~*~tactically~*~*~ (stealth).
  2142 | D:2      | 2142 ||| Stepping ~*~*~tactically~*~*~ (hiding).
  2239 | D:2      | Found a faded altar of an unknown god.
  2268 | D:2      | Reached XP level 4. HP: 24/26 MP: 8/8
  2820 | D:2      | 2820 ||| DROPPING orb of energy.
  2821 | D:2      | 2821 ||| UPGRADING to +0 chain mail.
  2831 | D:2      | 2831 ||| DROPPING +0 scale mail.
  2832 | D:2      | 2832 ||| READING scroll labelled GIRAISSIWORE.
  2833 | D:2      | 2833 ||| DRINKING 2 red potions.
  2834 | D:2      | 2834 ||| DRINKING 3 dark potions.
  2835 | D:2      | 2835 ||| READING 2 scrolls of identify.
  2835 | D:2      | 2835 ||| IDENTIFYING grey potion
  2836 | D:2      | 2836 ||| DROPPING potion of ambrosia.
  2885 | D:3      | Reached skill level 5 in Axes
  3182 | D:3      | Found a shadowy altar of Dithmenos.
  3418 | D:3      | 3418 ||| READING scroll labelled FERCHU UDEWIRY.
  3419 | D:3      | 3419 ||| READING scroll labelled AHYESCH OV ZOPO.
  3420 | D:3      | 3420 ||| DRINKING 2 fuming dark potions.
  3421 | D:3      | 3421 ||| DROPPING potion of flight.
  3443 | D:4      | 3443 ||| PLANNING SEWER
  3447 | D:4      | 3447 ||| Stepping ~*~*~tactically~*~*~ (stealth).
  3451 | D:4      | 3451 ||| Stepping ~*~*~tactically~*~*~ (stealth).
  3457 | D:4      | Gained mutation: Your magical nature lets you fly swiftly
                  | and evasively. [Tengu growth]
  3457 | D:4      | Reached XP level 5. HP: 21/30 MP: 9/9
  3483 | D:4      | 3483 ||| FLEEEEING.
  3484 | D:4      | 3484 ||| FLEEEEING.
  3485 | D:4      | 3485 ||| FLEEEEING.
  3486 | D:4      | 3486 ||| STAIRDANCE
  3580 | D:4      | Found a glowing drain.
  3594 | D:4      | 3594 ||| Stepping randomly (stuck).
  3595 | D:4      | 3595 ||| Stepping randomly (stuck).
  3596 | D:4      | 3596 ||| Stepping randomly (stuck).
  3597 | D:4      | 3597 ||| Stepping randomly (stuck).
  3598 | D:4      | 3598 ||| Stepping randomly (stuck).
  3653 | D:4      | 3653 ||| Stepping ~*~*~tactically~*~*~ (stealth).
  3663 | D:4      | 3663 ||| Stepping ~*~*~tactically~*~*~ (hiding).
  3673 | D:4      | 3673 ||| Stepping ~*~*~tactically~*~*~ (stealth).
  3677 | D:4      | 3677 ||| Stepping ~*~*~tactically~*~*~ (stealth).
  3686 | D:4      | Reached skill level 6 in Axes
  3762 | D:4      | Noticed an ogre
  3769 | D:4      | Killed an ogre
  3770 | D:4      | Reached skill level 3 in Armour
  3770 | D:4      | Reached XP level 6. HP: 25/35 MP: 10/10
  3863 | D:4      | 3863 ||| READING 3 scrolls labelled LARARU XYSA.
  3864 | D:4      | 3864 ||| READING scroll labelled ANIGAE XADDEGI.
  3865 | D:4      | 3865 ||| DROPPING 2 scrolls of fear.
  3884 | D:4      | 3884 ||| Stepping randomly (stuck).
  3885 | D:4      | 3885 ||| Stepping randomly (stuck).
  3900 | D:4      | 3900 ||| Stepping ~*~*~tactically~*~*~ (stealth).
  3925 | D:4      | 3925 ||| Stepping randomly (stuck).
  3926 | D:4      | 3926 ||| Stepping randomly (stuck).
  3927 | D:4      | 3927 ||| Stepping randomly (stuck).
  3928 | D:4      | 3928 ||| Stepping randomly (stuck).
  3930 | D:4      | 3930 ||| Stepping randomly (stuck).
  3931 | D:4      | 3931 ||| Stepping randomly (stuck).
  3932 | D:4      | 3932 ||| Stepping randomly (stuck).
  3941 | D:4      | 3941 ||| Stepping randomly (stuck).
  3942 | D:4      | 3942 ||| Stepping randomly (stuck).
  3943 | D:4      | 3943 ||| Stepping randomly (stuck).
  3944 | D:4      | 3944 ||| Stepping randomly (stuck).
  3945 | D:4      | 3945 ||| Stepping randomly (stuck).
  3981 | D:4      | 3981 ||| Stepping randomly (stuck).
  3982 | D:4      | 3982 ||| Stepping randomly (stuck).
  3984 | D:4      | 3984 ||| Stepping randomly (stuck).
  3997 | Sewer    | Entered a sewer
  4372 | Sewer    | 4372 ||| Stepping ~*~*~tactically~*~*~ (stealth).
  4374 | Sewer    | 4374 ||| Stepping ~*~*~tactically~*~*~ (stealth).
  4403 | Sewer    | 4403 ||| Stepping ~*~*~tactically~*~*~ (stealth).
  4409 | Sewer    | 4409 ||| Stepping ~*~*~tactically~*~*~ (stealth).
  4513 | Sewer    | 4513 ||| Stepping ~*~*~tactically~*~*~ (stealth).
  4515 | Sewer    | 4515 ||| Stepping ~*~*~tactically~*~*~ (stealth).
  4516 | Sewer    | 4516 ||| Stepping ~*~*~tactically~*~*~ (stealth).
  4583 | Sewer    | Reached skill level 7 in Axes
  4586 | Sewer    | HP: 6/35 [bullfrog (7)]
  4587 | Sewer    | 4587 ||| DRINKING 2 potions of heal wounds.
  4593 | Sewer    | Reached XP level 7. HP: 18/40 MP: 11/11
  4769 | Sewer    | 4769 ||| READING scroll labelled EHUIKY SEESTEPY.
  4770 | Sewer    | 4770 ||| DRINKING 2 fuming puce potions.
  4771 | Sewer    | 4771 ||| DROPPING potion of attraction.
  4786 | D:4      | 4786 ||| PLANNING D:1-11
  4814 | D:4      | Found a staircase to the Ecumenical Temple.
  4815 | D:4      | 4815 ||| PLANNING TEMPLE
  4827 | D:4      | Reached skill level 3 in Fighting
  4917 | Temple   | Entered the Ecumenical Temple
  4940 | Temple   | Became a worshipper of Warmaster Okawaru
  4993 | Temple   | 4993 ||| PLANNING D:1-11
  5131 | D:4      | 5131 ||| Stepping ~*~*~tactically~*~*~ (stealth).
  5133 | D:4      | 5133 ||| Stepping ~*~*~tactically~*~*~ (hiding).
  5149 | D:4      | Slain by an orc warrior

Levels and vault maps discovered:
D:1:      lemuel_arrival_river_passageway, layout_loops_ring, hex_medium,
          minivault_5, minmay_quantized
D:2:      layout_loops_cross, dreamdust_ecumenical_altar_hidden_monk_grotto,
          cheibrodos_gnoll_hut
D:3:      layout_basic, mainiacjoe_overflow_boulevard
D:4:      layout_loops_ring, mainiacjoe_overflow_alcove_1,
          minmay_temple_entry_overgrown, gup_sewer_entry_glass,
          nrook_mini_backslash, guppyfry_early_orc_mine
Temple:   jpeg_temple_clearing

Skill      XL: |  1  2  3  4  5  6  7 |
---------------+----------------------+-----
Axes           | 3 4 5 6 7 |  7.2
Armour         | 3 |  3.1
Fighting       | 3 |  3.0
Throwing       | |  1.0
Dodging        | |  2.1
Spellcasting   | |  2.0
Translocations | |  2.4

Action                   |  1- 3 |  4- 6 |  7- 9 || total
-------------------------+-------+-------+-------++-------
Melee: Hand axe          |    89 |   194 |    25 ||   308
       Peck              |    14 |    30 |     2 ||    46
       Kick              |    12 |    40 |     7 ||    59
       Punch             |       |     1 |       ||     1
Throw: Boomerang         |    12 |       |       ||    12
  Use: Scroll            |     2 |     6 |     1 ||     9
       Potion            |     1 |     4 |     1 ||     6
Armor: Leather armour    |    14 |       |       ||    14
       Scale mail        |    14 |     2 |       ||    16
       Chain mail        |       |    60 |    10 ||    70
Dodge: Dodged            |    39 |    59 |     5 ||   103

Table legend:
 A = Non-vault XP
 B = Vault XP
 C = Vault XP percentage of total XP
 D = Non-vault monster count
 E = Vault monster count
 F = Vault count percentage of total count
                 A         B        C        D         E       F
            +---------+---------+-------+---------+---------+-------
      Total |     337 |     373 |  52.5 |      60 |      70 |  53.8
            +---------+---------+-------+---------+---------+-------
        D:1 |      37 |       8 |  17.8 |      19 |       4 |  17.4
        D:2 |      44 |      17 |  27.9 |      18 |       3 |  14.3
        D:3 |      25 |       0 |   0.0 |       9 |       0 |   0.0
        D:4 |     231 |      83 |  26.4 |      14 |       8 |  36.4
      Sewer |       0 |     265 | 100.0 |       0 |      55 | 100.0
            +---------+---------+-------+---------+---------+-------
